 Dungeon Crawl Stone Soup version 0.17.1-3-g152610e (webtiles) character file.

90 Romlok the Sneak (level 4, -3/25 HPs)
             Began as a Gargoyle Enchanter on Mar 13, 2016.
             Killed by nerve-wracking pain
             ... invoked by Grinder
              (9 damage)
             ... while paralysed by Grinder
             ... on level 3 of the Dungeon.
             The game lasted 00:43:06 (2447 turns).

Romlok the Sneak (Gargoyle Enchanter)               Turns: 2447, Time: 00:43:06

Health: -3/25      AC: 10    Str: 12    XL:     4   Next: 56%
Magic:  3/7        EV:  2    Int: 15    God:
Gold:   58         SH:  0    Dex: 11    Spells: 2 memorised, 3 levels left

rFire  . . .     SeeInvis .     b - +4 mace
rCold  . . .     Clarity  .     v - +1 robe
rNeg   + . .     SustAt   .     (no shield)
rPois  ∞         Gourm    .     (no helmet)
rElec  +         Spirit   .     o - +0 cloak
rCorr  .         Warding  .     (no gloves)
rMut   .         Stasis   .     j - +0 pair of boots
MR     .....                    (no amulet)
Stlth  ++........               (no ring)
                                g - +2 ring of protection

@: paralysed, very slightly contaminated, not resistant to hostile enchantments,
unstealthy
A: negative energy resistance 1, electricity resistance, unbreathing,
petrification resistance, rot immunity, AC +3
a: no special abilities


You were on level 3 of the Dungeon.
You were hungry.

You visited 1 branch of the dungeon, and saw 3 of its levels.

You collected 58 gold pieces.

Inventory:

Hand Weapons
 a - a +1 dagger
 b - a +4 mace (weapon)
 f - a +0 hand axe
 q - a cursed -1 dagger
Missiles
 l - 104 stones (quivered)
Armour
 j - a +0 pair of boots (worn)
 o - a +0 cloak (worn)
 v - a +1 robe (worn)
Jewellery
 g - a +2 ring of protection (left hand)
Scrolls
 e - 2 scrolls of identify
 i - a scroll of remove curse
 m - a scroll of teleportation
Potions
 r - a potion of flight
Books
 c - a book of Maledictions

   Spells                             Type                      Level
   a - Corona                         Hexes                        1
   b - Ensorcelled Hibernation        Hexes/Ice                    2
   c - Confuse                        Hexes                        3
   d - Tukima's Dance                 Hexes                        3
   e - Dazzling Spray                 Conjuration/Hexes            3
 t - a book of the Tempests

   Spells                             Type                      Level
   a - Static Discharge               Conjuration/Air              3
   b - Lightning Bolt                 Conjuration/Air              5
   c - Fireball                       Conjuration/Fire             5
   d - Tornado                        Air                          9
   e - Shatter                        Earth                        9
Comestibles
 d - a bread ration
 h - a beef jerky
 k - a slice of pizza
 u - a meat ration


   Skills:
 * Level 1.3 Fighting
 - Level 0.8 Short Blades
 * Level 1.1 Maces & Flails
 * Level 1.6 Armour
 * Level 2.6 Dodging
 - Level 3.2 Stealth
 + Level 2.2 Spellcasting
 + Level 2.9 Hexes


You had 3 spell levels left.
You knew the following spells:

 Your Spells              Type           Power        Failure   Level  Hunger
a - Corona                Hex            ##.....      10%         1    #......
c - Confuse               Hex            ##......     24%         3    ###....


Dungeon Overview and Level Annotations

Branches:
Dungeon (3/15)

Altars:
Elyvilon
Kikubaaqudgha

Annotations:
D:3 Grinder


Innate Abilities, Weirdness & Mutations

You are resistant to torment.
Your stone body is resilient (AC +3).
You are immune to poison.
You resist negative energy.
You are resistant to electric shocks.
You can survive without breathing.
You are immune to petrification.
You are immune to rotting.


Message History

Press: ? - help, Shift-Dir - straight line, f/p - Grinder
Aim: Grinder (lightly wounded, chance to defeat MR: 46%)
Okay, then.
Unknown command.
Fire/throw which item? (* to show all) (? for menu, Esc to quit)
Press: ? - help, Shift-Dir - straight line, f/p - Grinder
Aim: Grinder (lightly wounded)
You throw a throwing net. The throwing net barely misses Grinder.
Grinder says, "Tell me all your secrets, or I'll kill you."
Grinder gestures at you.
You suddenly lose the ability to move!
Grinder hits you! x2
Grinder hits you but does no damage. Grinder hits you.
* * * LOW HITPOINT WARNING * * *
Grinder hits you but does no damage.
Grinder says, "You look like you could use a good racking."
Grinder gestures at you. Pain shoots through your body!
You die...

##...†(#
##....#<#
.#.....#(#
........)#
..!......#
........(#
........(###
######.....##..
##((@.......
#.)<5..!(((.
#...........
#...........
#.!.(.......
#(!.........
#...........
....(.......
####.....##.


You could see Grinder.

Vanquished Creatures
  3 adders
  2 worms (D:2)
  2 ball pythons
  4 giant cockroaches
  8 goblins
  3 hobgoblins
  4 jackals
  7 bats
  4 giant geckos
  2 giant newts (D:2)
  5 kobolds
  7 rats
51 creatures vanquished.

Vanquished Creatures (others)
  A kobold (D:3)
1 creature vanquished.

Grand Total: 52 creatures vanquished

Notes
Turn   | Place    | Note
--------------------------------------------------------------
     0 | D:1      | Romlok the Gargoyle Enchanter began the quest for the Orb.
     0 | D:1      | Reached XP level 1. HP: 10/10 MP: 3/3
   574 | D:1      | Reached XP level 2. HP: 15/15 MP: 5/5
  1279 | D:2      | Reached skill level 1 in Armour
  1279 | D:2      | Reached XP level 3. HP: 20/20 MP: 3/6
  1451 | D:2      | Found a white marble altar of Elyvilon.
  1502 | D:2      | Learned a level 3 spell: Confuse
  1516 | D:2      | Found an ancient bone altar of Kikubaaqudgha.
  1630 | D:2      | Reached skill level 1 in Fighting
  1807 | D:2      | Reached XP level 4. HP: 25/25 MP: 5/7
  1980 | D:3      | Noticed Grinder
  2040 | D:3      | Reached skill level 1 in Maces & Flails
  2118 | D:3      | Paralysed by Grinder for 5 turns
  2436 | D:3      | Paralysed by Grinder for 3 turns
  2441 | D:3      | Paralysed by Grinder for 7 turns
  2447 | D:3      | Killed from afar by Grinder

Action                   |  1- 3 |  4- 6 || total
-------------------------+-------+-------++-------
Melee: Dagger            |   102 |       ||   102
       Mace              |    24 |    43 ||    67
Throw: Stone             |    49 |    10 ||    59
       Throwing net      |       |     3 ||     3
 Cast: Corona            |    29 |    10 ||    39
       Confuse           |       |     1 ||     1
  Use: Potion            |     7 |     1 ||     8
       Scroll            |     3 |       ||     3
 Stab: Sleeping          |     8 |       ||     8
  Eat: Chunk             |     4 |     2 ||     6
